 Dungeon Crawl Stone Soup version 0.20.1-1-g8b1a95d (webtiles) character file.

103 pstr the Conjurer (level 5, -7/28 HPs)
             Began as a Kobold Conjurer on Nov 19, 2017.
             Was an Initiate of Qazlal.
             Mangled by a gnoll
             ... wielding a +0 whip
              (8 damage)
             ... on level 1 of the Dungeon.
             The game lasted 00:10:30 (2853 turns).

pstr the Conjurer (Kobold Conjurer)                 Turns: 2853, Time: 00:10:31

Health: -7/28      AC:  4    Str:  7 (9)  XL:     5   Next: 6%
Magic:  8/9        EV: 15    Int: 15 (17) God:    Qazlal [......]
Gold:   113        SH:  0    Dex: 14 (16) Spells: 6/9 levels left

rFire    . . .     SeeInvis .   l - +1 dagger (speed)
rCold    + . .     Gourm    .   (shield restricted)
rNeg     . . .     Faith    .   a - +0 robe
rPois    .         Spirit   .   (no helmet)
rElec    .         Reflect  .   (no cloak)
rCorr    .         Harm     .   i - +1 pair of gloves
MR       .....                  (no boots)
Stlth    +.........             (no amulet)
Regen    0.1/turn               m - +4 ring of strength
MPRegen  0.2/turn               j - ring of protection from cold

@: confused
A: carnivore 3
a: Renounce Religion


You were on level 1 of the Dungeon.
You worshipped Qazlal.
Qazlal was noncommittal.
You were completely stuffed.

You visited 1 branch of the dungeon, and saw 3 of its levels.

You collected 113 gold pieces.

Inventory:

Hand Weapons
 l - a +1 dagger of speed (weapon)
 q - a cursed -3 short sword
Missiles
 e - 87 stones (quivered)
Armour
 a - a +0 robe (worn)
 i - a +1 pair of gloves (worn)
 k - a +0 ring mail
Jewellery
 j - a ring of protection from cold (right hand)
 m - a +4 ring of strength (left hand)
Scrolls
 d - 3 scrolls of identify
 f - a scroll of recharging {unknown}
 o - a scroll of enchant armour
 p - a scroll of teleportation {unknown}
Books
 b - a book of Conjurations

   Spells                             Type                      Level
   a - Magic Dart                     Conjuration                  1
   b - Searing Ray                    Conjuration                  2
   c - Dazzling Spray                 Conjuration/Hexes            3
   d - Fulminant Prism                Conjuration/Hexes            4
   e - Force Lance                    Conjuration/Translocation    4
   f - Iskenderun's Mystic Blast      Conjuration                  4
Comestibles
 c - 3 meat rations
 g - a royal jelly
 h - 4 chunks of flesh


   Skills:
 + Level 2.8 Dodging
 + Level 3.7 Stealth
 + Level 2.9 Spellcasting
 + Level 5.1 Conjurations


You had 6 spell levels left.
You knew the following spells:

 Your Spells              Type           Power        Failure   Level  Hunger
a - Magic Dart            Conj           ###.         2%          1    #......
b - Searing Ray           Conj           ###...       3%          2    ##.....


Dungeon Overview and Level Annotations

Branches:
Dungeon (3/15)

Altars:
Fedhas
Qazlal

Annotations:
D:1 Ijyb


Innate Abilities, Weirdness & Mutations

You are small and have problems with some larger weapons.
You are carnivorous and can eat meat at any time.


Message History

You bump into the rock wall.
Ijyb screams, "You nasty!
Big nasty!"
Ijyb zaps a wand.
You resist with some effort. The gnoll completely misses you.
Ijyb hits you but does no damage.
You completely miss the gnoll.
You feel less confused. Ijyb hits you with a dagger.
* * * LOW HITPOINT WARNING * * *
The gnoll misses you. Ijyb hits you but does no damage.
Ijyb grins evilly.
Ijyb zaps a wand.
You are confused.
You bump into the rock wall.
Ijyb screams, "Level is mine!
All mine!"
The gnoll hits you with a whip.
* * * LOW HITPOINT WARNING * * *
You bump into the rock wall.
The gnoll misses you.
You're too confused to move!
The gnoll hits you with a whip!
You die...

.######.#.#.####[.#.# #.#.......
.#......#.#.# #..#.# #.#.)###..
.#.##.....#.# #..#.# #.#...##..
.#.##.....#.# #..#.####.#.......
.#>##.....#.# #..#.....>........
.#.###..#...# #..#..............
.#.# #..#...####..#.............#
.#.# #.......>....#..............
.#.# #.##.######@##.............#
...# #.##....#..g.............#.#
.#####.##....#.#g##.#.#.......#.#
.....†.##.........#.#.#.......#.#
#########.........#.#.#.......#.#
..................#.#.######.##.#
.########.........#.#.# #.##.# .#
#....#.#......# #..... .#
##.#.#.####.###########.#


You could see Ijyb and a gnoll.

Vanquished Creatures
  An adder (D:2)
  3 gnolls (D:2)
  3 leopard geckos
  An orc (D:3)
  5 giant cockroaches
  10 goblins
  7 hobgoblins
  6 jackals (D:1)
  A quokka (D:2)
  7 bats
  A frilled lizard (D:1)
  9 kobolds
  2 rats (D:1)
56 creatures vanquished.

Vanquished Creatures (others)
  A kobold (D:1)
1 creature vanquished.

Grand Total: 57 creatures vanquished

Notes
Turn   | Place    | Note
-------+----------+-------------------------------------------
     0 | D:1      | pstr the Kobold Conjurer began the quest for the Orb.
     0 | D:1      | Reached XP level 1. HP: 10/10 MP: 3/3
   342 | D:1      | Reached XP level 2. HP: 15/15 MP: 3/5
   346 | D:1      | Learned a level 2 spell: Searing Ray
   998 | D:1      | Reached XP level 3. HP: 19/19 MP: 2/6
  1644 | D:2      | Found a stormy altar of Qazlal.
  1650 | D:2      | Found a blossoming altar of Fedhas.
  1654 | D:2      | Became a worshipper of Qazlal Stormbringer
  1852 | D:2      | Reached XP level 4. HP: 17/24 MP: 0/7
  2082 | D:2      | Found a blossoming altar of Fedhas.
  2235 | D:2      | Reached skill level 5 in Conjurations
  2433 | D:2      | Noticed Ijyb
  2634 | D:3      | Reached XP level 5. HP: 28/28 MP: 1/9
  2850 | D:1      | HP: 1/28 [gnoll/whip (2)]
  2853 | D:1      | Mangled by a gnoll

Skill      XL: |  1  2  3  4 |
---------------+-------------+-----
Stealth        | 3 |  3.7
Conjurations   | 5 |  5.1
Dodging        | |  2.8
Spellcasting   | |  2.9

Action                   |  1- 3 |  4- 6 || total
-------------------------+-------+-------++-------
Melee: Dagger            |       |    29 ||    29
 Cast: Magic Dart        |    70 |    34 ||   104
       Searing Ray       |       |    10 ||    10
  Use: Potion            |       |     8 ||     8
       Scroll            |       |     4 ||     4
  Eat: Chunk             |    12 |     4 ||    16
Armor: Robe              |     7 |    11 ||    18
Dodge: Dodged            |    26 |    43 ||    69
